[Event "Titled Tuesday Blitz October 11 Late 2022"]
[White "Rodriguez Santiago, Jaime"]
[Black "Tarnowska, Aleksandra"]
[WhiteFideId "3100898"]
[BlackFideId "1180967"]
[WhiteElo "2025"]
[BlackElo "1776"]
[Result "0-1"]
[Round "10"]
[TimeControl "180+1"]
[Date "2022.10.12"]
[WhiteClock "0:00:41"]
[BlackClock "0:00:08"]

1. Nf3 d5 2. c4 e6 3. g3 Nf6 4. Bg2 Nbd7 5. O-O c5 6. b3 Be7 7. Bb2 O-O 8. e3 Rb8 9. Qe2 b6 10. d3 Ba6 11. Nc3 Re8 12. Rad1 b5 13. Ne1 bxc4 14. bxc4 Qb6 15. Ba1 dxc4 16. dxc4 Ne5 17. Nb5 Nxc4 18. Qxc4 Bxb5 19. Qc3 Bxf1 20. Bxf1 Qb4 21. Qc2 Red8 22. Rc1 Rd2 23. Qc3 Qxc3 24. Bxc3 Rxa2 25. Bc4 Ra4 26. Be5 Rb7 27. Nd3 Nd5 28. e4 Nb6 29. Bb5 Ra5 30. Bc6 c4 31. Nf4 Rxe5 32. Bxb7 h6 33. h4 g5 34. hxg5 Bxg5 35. Rc3 Bxf4 36. gxf4 Rc5 37. Kf1 Na4 38. Rc2 c3 39. e5 Nb2 40. Be4 Rc4 41. f3 Na4 42. Ke2 Kf8 43. Kd3 Rc5 44. Ra2 Nb2+ 45. Kc2 a5 46. Ra3 Ke7 47. Rxc3 Rxc3+ 48. Kxc3 Nd1+ 49. Kb3 Nf2 50. Bb7 Nh3 51. Ka4 Nxf4 52. Kxa5 Nd3 53. Kb5 Nxe5 54. Kc5 f5 55. Kd4 Kf6 56. Ke3 h5 57. Kf2 h4 58. Kg2 Ng6 59. Kh3 Kg5 60. Bc8 e5 61. Bb7 Nf4+ 62. Kh2 Nd3 63. Kg2 Nc5 64. Bc6 e4 65. fxe4 fxe4 66. Bb5 Kg4 67. Be2+ Kf4 68. Kh3 Ke3 69. Bh5 Ne6 70. Kxh4 Nf4 71. Bd1 Kd2 72. Bg4 e3 73. Kg3 Nd3 74. Bh5 Ne5 75. Kg2 Nd7 76. Kf1 Nf6 77. Bf3 Ne8 78. Be2 Nd6 79. Bf3 Nc4 80. Be2 Ne5 81. Bh5 Nd3 82. Be2 Nf4 83. Bf3 Kd3 84. Bg4 Kd2 85. Bf3 Nd3 86. Be2 Nc1 87. Bh5 Nb3 88. Bg4 Nd4 89. Bh5 Nf5 90. Bf3 Ng3+ 91. Kg2 Ne4 92. Kf1 Ng5 93. Bg4 Ne6 94. Be2 Nd4 95. Bh5 Nf5 96. Be2 Ng3+ 97. Kg2 Nxe2 98. Kf3 Nd4+ 99. Ke4 e2 100. Kxd4 e1=Q 0-1


[Site "https://www.chess.com"]

[Event "Titled Tuesday Blitz October 11 Late 2022"]
[White "Rubio Tent, Francisco"]
[Black "Borawski, Jakub"]
[WhiteFideId "2238233"]
[BlackFideId "1143000"]
[WhiteElo "2211"]
[BlackElo "2122"]
[Result "1-0"]
[Round "10"]
[TimeControl "180+1"]
[Date "2022.10.12"]
[WhiteClock "0:00:42"]
[BlackClock "0:00:02"]

1. e4 e6 2. d4 d5 3. exd5 exd5 4. Nf3 Nc6 5. c4 Bb4+ 6. Nc3 Nf6 7. Bd3 dxc4 8. Bxc4 O-O 9. O-O Bg4 10. Be3 Re8 11. a3 Bd6 12. h3 Bh5 13. Re1 Qd7 14. Rc1 Rad8 15. Be2 Bg6 16. b4 Ne7 17. Qb3 c6 18. Bc4 Ned5 19. Bg5 Be7 20. Ne5 Qf5 21. Bh4 Qh5 22. Bg3 Nxc3 23. Qxc3 Nd5 24. Qb3 Qf5 25. Rcd1 Qc8 26. b5 Bf6 27. Rc1 Bg5 28. Rcd1 h5 29. Nxg6 fxg6 30. Be5 Kh7 31. bxc6 bxc6 32. Qg3 Bf6 33. Bd3 Ne7 34. Bxf6 gxf6 35. Rxe7+ Rxe7 36. Qxg6+ Kh8 37. Qxf6+ Rg7 38. Qh6+ Kg8 39. Bc4+ Kf8 40. Qf6+ Ke8 41. Re1+ Kd7 42. Qxg7+ Kd6 43. Qe5+ Kd7 44. Qe7# 1-0


[Site "https://www.chess.com"]

[Event "Titled Tuesday Blitz October 11 Late 2022"]
[White "Sarana, Alexey"]
[Black "Maksimovic, Bojan"]
[WhiteFideId "24133795"]
[BlackFideId "14408120"]
[WhiteElo "2689"]
[BlackElo "2447"]
[Result "1-0"]
[Round "10"]
[TimeControl "180+1"]
[Date "2022.10.11"]
[WhiteClock "0:00:04"]
[BlackClock "0:00:02"]

1. c4 Nf6 2. Nc3 g6 3. g3 Bg7 4. Bg2 O-O 5. d4 d6 6. Nf3 Nc6 7. O-O a6 8. Qc2 Bf5 9. e4 Bg4 10. Be3 Bxf3 11. Bxf3 e5 12. d5 Nd4 13. Qd1 c5 14. dxc6 bxc6 15. Bxd4 exd4 16. Qxd4 Nd5 17. Qd3 Nxc3 18. bxc3 Be5 19. Be2 Qb6 20. Rfb1 Qc5 21. Kg2 Rab8 22. Rb3 Qa5 23. Qb1 Rxb3 24. axb3 Qxc3 25. Rxa6 Rb8 26. Ra3 c5 27. Qa2 Qe1 28. Qc2 Qb4 29. Qc1 Bd4 30. h4 h5 31. Kf1 Kg7 32. Bd1 Re8 33. Ra4 Qb7 34. Bc2 Re6 35. Qd2 Rf6 36. f4 Qd7 37. Kg2 Re6 38. Qd3 f5 39. exf5 gxf5 40. Qxf5 Re2+ 41. Kf1 Rf2+ 42. Ke1 Qe7+ 43. Be4 Qf7 44. Qg5+ Kf8 45. Ra8+ Qe8 46. Rxe8+ Kxe8 47. Bc6+ 1-0


[Site "https://www.chess.com"]

[Event "Titled Tuesday Blitz October 11 Late 2022"]
[White "Shapiro, Daniel"]
[Black "Romero Ruscalleda, Josep"]
[WhiteFideId "2001780"]
[BlackFideId "2231859"]
[WhiteElo "2209"]
[BlackElo "2351"]
[Result "1-0"]
[Round "10"]
[TimeControl "180+1"]
[Date "2022.10.12"]
[WhiteClock "0:00:10"]
[BlackClock "0:00:01"]

1. d4 g6 2. e4 Bg7 3. Nc3 d6 4. h3 a6 5. a4 Nc6 6. Nge2 e5 7. Be3 f5 8. exf5 Bxf5 9. g4 Bd7 10. Bg2 Nge7 11. Qd2 O-O 12. O-O Rb8 13. a5 exd4 14. Nxd4 Nxd4 15. Bxd4 Nc6 16. Bxg7 Kxg7 17. Nd5 Be6 18. Qc3+ Kg8 19. f4 Rf7 20. g5 Qf8 21. Rae1 Re8 22. Nf6+ Rxf6 23. Qxf6 Qxf6 24. gxf6 Kf7 25. c3 Nxa5 26. b4 Nc6 27. Re3 Nd8 28. Rfe1 Kxf6 29. Bf3 h5 30. h4 c6 31. Kf2 Rf8 32. Kg3 Bf5 33. Re7 Rf7 34. Rxf7+ Nxf7 35. Re8 Bd3 36. Rb8 d5 37. Rxb7 Nd6 38. Rc7 Bb5 39. Bg2 Nf5+ 40. Kh3 Ne3 41. Bf3 Nf5 42. Bd1 Ne3 43. Bb3 Kf5 44. Ba2 Kxf4 45. Rg7 Kf5 46. Bb1+ Kf6 47. Rxg6+ Ke5 48. Rg5+ Kf4 49. Rxh5 Bf1+ 50. Kh2 Ng4+ 51. Kg1 Be2 52. Rh8 Bb5 53. Rg8 Nf6 54. Rg6 Ke5 55. h5 Be2 56. h6 Bh5 57. Rg5+ 1-0


[Site "https://www.chess.com"]

[Event "Titled Tuesday Blitz October 11 Late 2022"]
[White "Sibilio, Mario"]
[Black "Kanter, Eduard"]
[WhiteFideId "800422"]
[BlackFideId "4103963"]
[WhiteElo "2296"]
[BlackElo "2267"]
[Result "0-1"]
[Round "10"]
[TimeControl "180+1"]
[Date "2022.10.12"]
[WhiteClock "0:01:41"]
[BlackClock "0:01:39"]

1. e4 c5 2. Nf3 d6 3. b3 e5 4. Bb5+ Nc6 5. c3 g6 6. O-O Bg7 7. d4 exd4 8. cxd4 Ne7 9. h3 O-O 10. Bb2 a6 11. Bxc6 Nxc6 12. Qd2 Qf6 13. e5 dxe5 14. dxe5 Qe7 15. Re1 Be6 16. Nc3 Rfd8 17. Qe2 Nd4 18. Nxd4 cxd4 19. Na4 b5 20. Nb6 Rab8 0-1


[Site "https://www.chess.com"]

[Event "Titled Tuesday Blitz October 11 Late 2022"]
[White "Simonovic, Miroslav"]
[Black "Sanchez, Robert"]
[WhiteFideId "919152"]
[BlackFideId "2034360"]
[WhiteElo "2043"]
[BlackElo "2389"]
[Result "0-1"]
[Round "10"]
[TimeControl "180+1"]
[Date "2022.10.12"]
[WhiteClock "0:00:24"]
[BlackClock "0:00:38"]

1. d4 d5 2. Bg5 c6 3. e3 Nd7 4. h4 Ngf6 5. c4 Ne4 6. Nc3 Qa5 7. Qa4 Qb6 8. Qb3 Qa5 9. Qa4 Qxa4 10. Nxa4 e6 11. c5 e5 12. Bd3 h6 13. Bxe4 dxe4 14. Bxh6 Rxh6 15. O-O-O b5 16. cxb6 axb6 17. Nc3 f5 18. g4 g6 19. g5 Rh7 20. Nge2 exd4 21. Nxd4 Ne5 22. Kb1 Bd7 23. Rdf1 Bb4 24. f3 Bxc3 25. bxc3 c5 26. f4 Nc4 27. Nc2 Nd2+ 28. Kb2 Nxf1 29. Rxf1 Rxh4 30. Rd1 Rh2 31. Rxd7 Rxc2+ 32. Kb3 Rxc3+ 33. Kxc3 Kxd7 34. Kc4 Kc6 35. a4 Rxa4+ 0-1


[Site "https://www.chess.com"]

[Event "Titled Tuesday Blitz October 11 Late 2022"]
[White "Sohal, Tanraj"]
[Black "Janaszak, Dawid"]
[WhiteFideId "2608499"]
[BlackFideId "1119206"]
[WhiteElo "2200"]
[BlackElo "2226"]
[Result "1-0"]
[Round "10"]
[TimeControl "180+1"]
[Date "2022.10.11"]
[WhiteClock "0:00:11"]
[BlackClock "0:00:03"]

1. d4 Nf6 2. Nf3 g6 3. g3 Bg7 4. Bg2 d6 5. O-O O-O 6. b3 c5 7. Bb2 Qa5 8. Qd2 Qxd2 9. Nbxd2 Nc6 10. dxc5 dxc5 11. a3 Bf5 12. Rac1 Ne4 13. Bxg7 Kxg7 14. Nxe4 Bxe4 15. Nd2 Bxg2 16. Kxg2 Rfd8 17. Rfd1 Nd4 18. Kf1 Nb5 19. Nc4 Nc3 20. Rd3 Rxd3 21. cxd3 Nb5 22. a4 Nd4 23. Rb1 Rc8 24. e3 Nc6 25. Ke2 b6 26. Rd1 Rd8 27. f4 f6 28. g4 Kf7 29. h4 h5 30. gxh5 gxh5 31. f5 Rg8 32. Kf3 Rg4 33. Rh1 Nb4 34. Ke2 Rg2+ 35. Kf3 Rc2 36. Rg1 Rc3 37. Rg6 Rxd3 38. Rh6 Rxb3 39. Rh7+ Ke8 40. Rxh5 Rc3 41. Nd2 Nd5 42. Nf1 c4 43. Ke4 Nb4 44. Rh8+ Kf7 45. h5 Rc1 46. Nd2 c3 47. Nb3 Rh1 48. Nd4 c2 49. Ne6 Rh4+ 50. Kf3 Rh3+ 51. Kg2 1-0


[Site "https://www.chess.com"]

[Event "Titled Tuesday Blitz October 11 Late 2022"]
[White "Souleidis, Georgios"]
[Black "Krstic, Milos"]
[WhiteFideId "4206827"]
[BlackFideId "954888"]
[WhiteElo "2401"]
[BlackElo "2194"]
[Result "1-0"]
[Round "10"]
[TimeControl "180+1"]
[Date "2022.10.12"]
[WhiteClock "0:00:23"]
[BlackClock "0:00:22"]

1. e4 d5 2. exd5 Qxd5 3. Nc3 Qd6 4. d4 c6 5. Nf3 Nf6 6. Ne5 Nbd7 7. Nc4 Qc7 8. a4 Nb6 9. Ne5 g6 10. a5 Nbd5 11. Nxd5 cxd5 12. Bb5+ Bd7 13. Nxd7 Nxd7 14. O-O Bg7 15. a6 b6 16. c3 O-O 17. Re1 Nf6 18. Bd3 e6 19. Qf3 Rac8 20. h4 h5 21. Bg5 Ng4 22. Bf4 Qd7 23. Qg3 Rfd8 24. f3 Nf6 25. Bg5 Rf8 26. Re2 Ne8 27. Rae1 Nd6 28. Bf4 Nf5 29. Bxf5 exf5 30. Bd6 Rfd8 31. Bb4 Qb5 32. Re7 Qxa6 33. Qg5 Bf8 34. Rxf7 Kxf7 35. Bxf8 b5 36. Qe7+ 1-0


[Site "https://www.chess.com"]

[Event "Titled Tuesday Blitz October 11 Late 2022"]
[White "Sztokbant, Bernardo Vainzoff"]
[Black "Baltaci, Ismail Tarik"]
[WhiteFideId "2115956"]
[BlackFideId "6365213"]
[WhiteElo "2171"]
[BlackElo "2366"]
[Result "1-0"]
[Round "10"]
[TimeControl "180+1"]
[Date "2022.10.12"]
[WhiteClock "0:00:53"]
[BlackClock "0:00:05"]

1. d4 d5 2. c4 e6 3. Nf3 c5 4. e3 Nf6 5. Nc3 Nc6 6. a3 cxd4 7. exd4 dxc4 8. Bxc4 Be7 9. O-O O-O 10. Re1 b6 11. Qd3 Bb7 12. Ba2 Rc8 13. Bf4 Nd5 14. Nxd5 exd5 15. Rad1 Bf6 16. Bb1 g6 17. Ne5 Re8 18. Ba2 Bg5 19. Bxg5 Qxg5 20. Bxd5 Nxe5 21. dxe5 Rcd8 22. Qe4 Rxd5 23. Rxd5 Qe7 24. Qd4 Bxd5 25. Qxd5 Rd8 26. Qe4 Kg7 27. g3 Rc8 28. h4 Rc5 29. Qd4 Qe6 30. h5 Rd5 31. Qf4 h6 32. hxg6 fxg6 33. Qe4 g5 34. Qe3 1-0


[Site "https://www.chess.com"]

[Event "Titled Tuesday Blitz October 11 Late 2022"]
[White "Tarasova, Viktoriya"]
[Black "Kouskoutis, Georgios-Alexandros"]
[WhiteFideId "4175840"]
[BlackFideId "4234049"]
[WhiteElo "2182"]
[BlackElo "2187"]
[Result "0-1"]
[Round "10"]
[TimeControl "180+1"]
[Date "2022.10.12"]
[WhiteClock "0:00:07"]
[BlackClock "0:00:06"]

1. d4 Nf6 2. c4 e6 3. Nc3 Bb4 4. Nf3 O-O 5. Bg5 h6 6. Bh4 g5 7. Bg3 Ne4 8. Qc2 f5 9. Nd2 Bxc3 10. bxc3 Nxd2 11. Kxd2 d6 12. h4 Qf6 13. hxg5 hxg5 14. e3 Nc6 15. Be2 Bd7 16. Rh5 Be8 17. Rh2 Bg6 18. f4 gxf4 19. exf4 Nxd4 20. Qd3 Nxe2 21. Qxe2 Kf7 22. Rah1 Rh8 23. Bf2 c5 24. Qf3 Rxh2 25. Rxh2 Qe7 26. Bh4 Qd7 27. Qg3 e5 28. Qg5 Qe6 29. g3 Rh8 30. Re2 e4 31. Rf2 d5 32. Re2 d4 33. Kc1 d3 34. Re3 Rxh4 35. gxh4 Qxc4 36. Qh6 Qxc3+ 37. Kd1 Qc2+ 38. Ke1 d2+ 0-1


[Site "https://www.chess.com"]

[Event "Titled Tuesday Blitz October 11 Late 2022"]
[White "Thomforde-Toates, Noah"]
[Black "O`Gorman, Tom"]
[WhiteFideId "30951992"]
[BlackFideId "2508249"]
[WhiteElo "2691"]
[BlackElo "2271"]
[Result "1-0"]
[Round "10"]
[TimeControl "180+1"]
[Date "2022.10.11"]
[WhiteClock "0:01:51"]
[BlackClock "0:00:33"]

1. e4 c5 2. Nf3 d6 3. Nc3 Nf6 4. e5 dxe5 5. Nxe5 Nbd7 6. Nc4 Nb6 7. Qf3 Nxc4 8. Bxc4 Qc7 9. d3 a6 10. Bf4 Qb6 11. O-O Bd7 12. Rfe1 e6 13. Be5 Be7 14. Ne4 Nxe4 15. Qxe4 O-O 16. Bc3 Kh8 17. Qg4 Rg8 18. Qh5 Raf8 19. Re3 f6 20. Rh3 h6 21. Qg6 Rf7 22. Qxf7 1-0


[Site "https://www.chess.com"]

[Event "Titled Tuesday Blitz October 11 Late 2022"]
[White "Torres Boch, Jose Francisco"]
[Black "Banzea, Alexandru-Bogdan"]
[WhiteFideId "2278383"]
[BlackFideId "1232622"]
[WhiteElo "2073"]
[BlackElo "2294"]
[Result "0-1"]
[Round "10"]
[TimeControl "180+1"]
[Date "2022.10.12"]
[WhiteClock "0:01:01"]
[BlackClock "0:00:34"]

1. e4 e6 2. d4 d5 3. Nc3 Nf6 4. e5 Nfd7 5. f4 c5 6. Nf3 Nc6 7. Be3 Be7 8. Qd2 O-O 9. dxc5 Qa5 10. O-O-O b6 11. Bb5 Bb7 12. Kb1 bxc5 13. Bxc6 Bxc6 14. Nxd5 Qd8 15. Nxe7+ Qxe7 16. Qd6 Qxd6 17. Rxd6 Rfc8 18. Rhd1 Nb6 19. b3 Bxf3 20. gxf3 Nd5 21. Bd2 c4 22. Ba5 g6 23. Rd4 Rab8 24. Kc1 cxb3 25. axb3 Rxb3 26. Rd8+ Rxd8 27. cxb3 Rc8+ 28. Rc4 Rxc4+ 29. bxc4 Nxf4 30. Kd2 Kf8 31. Ke3 Nh5 32. Kd4 Ke8 33. Kc5 Kd7 34. Kb5 Nf4 35. Ka6 Kc6 36. Kxa7 Nd3 37. Bc3 Kc5 38. Kb7 Kxc4 39. Ba1 Kd5 40. Kc7 Nxe5 41. Kd8 Nxf3 42. Ke7 f5 0-1


[Site "https://www.chess.com"]

[Event "Titled Tuesday Blitz October 11 Late 2022"]
[White "Urazayev, Arystanbek"]
[Black "Ibarra Jerez, Jose Carlos"]
[WhiteFideId "13709810"]
[BlackFideId "2226332"]
[WhiteElo "2441"]
[BlackElo "2627"]
[Result "1-0"]
[Round "10"]
[TimeControl "180+1"]
[Date "2022.10.11"]
[WhiteClock "0:01:26"]
[BlackClock "0:00:01"]

1. e4 c5 2. Nf3 Nc6 3. Bb5 e6 4. O-O Nge7 5. Re1 Nd4 6. Bf1 Nxf3+ 7. Qxf3 Nc6 8. c3 Be7 9. Qd1 e5 10. Na3 O-O 11. Nc4 d6 12. a4 f5 13. exf5 Bxf5 14. b4 cxb4 15. cxb4 Nd4 16. Ne3 Be6 17. Bb2 Rc8 18. Bxd4 exd4 19. Nc2 Qd7 20. Nxd4 Bd5 21. Qh5 Bf7 22. Qf5 Qxf5 23. Nxf5 Bf6 24. Ne7+ Kh8 25. Nxc8 Bxa1 26. Nxd6 Bd4 27. Nxf7+ Kg8 28. Bc4 g6 29. Ng5+ Kh8 30. Nf3 Bf6 31. d3 Kg7 32. b5 g5 33. g4 Bc3 34. Re7+ Kh6 35. Kg2 b6 36. Bd5 Rf4 37. Be4 Bg7 38. h4 gxh4 39. g5+ Kh5 40. Rxg7 h3+ 41. Kxh3 h6 42. gxh6 a5 43. h7 Rf8 44. Rg8 Rxg8 45. hxg8=Q 1-0


[Site "https://www.chess.com"]

[Event "Titled Tuesday Blitz October 11 Late 2022"]
[White "Vargas, Mauricio"]
[Black "Sanchez Alvares, Kelvin Antonio"]
[WhiteFideId "4404572"]
[BlackFideId "3906680"]
[WhiteElo "2025"]
[BlackElo "2217"]
[Result "0-1"]
[Round "10"]
[TimeControl "180+1"]
[Date "2022.10.12"]
[WhiteClock "0:00:55"]
[BlackClock "0:01:50"]

1. e4 e5 2. Nf3 Nc6 3. d4 exd4 4. Bc4 Bc5 5. c3 Nf6 6. e5 d5 7. Bb5 Ne4 8. Nxd4 Bd7 9. Bxc6 bxc6 10. O-O O-O 11. f3 Ng5 12. f4 Ne4 13. Nd2 f5 14. exf6 Nxf6 15. Nf3 Bg4 16. Kh1 Qd7 17. a4 Rae8 18. Qd3 Ne4 19. b4 Bd6 20. g3 Bh3 21. Re1 Nf2+ 22. Kg1 Nxd3 23. Rd1 Nxc1 24. Raxc1 Bxf4 25. gxf4 Qg4+ 26. Kf2 Qg2# 0-1


[Site "https://www.chess.com"]

[Event "Titled Tuesday Blitz October 11 Late 2022"]
[White "Vega Gutierrez, Sabrina"]
[Black "Haszon, David"]
[WhiteFideId "2219026"]
[BlackFideId "733610"]
[WhiteElo "2261"]
[BlackElo "2211"]
[Result "1/2-1/2"]
[Round "10"]
[TimeControl "180+1"]
[Date "2022.10.12"]
[WhiteClock "0:00:06"]
[BlackClock "0:00:15"]

1. e4 c5 2. Nf3 d6 3. d4 cxd4 4. Qxd4 Nf6 5. Nc3 a6 6. Bg5 Nc6 7. Qd2 e6 8. O-O-O Qc7 9. Nd4 Be7 10. Nxc6 Qxc6 11. Bxf6 gxf6 12. Be2 Qc5 13. f4 b5 14. Bf3 Rb8 15. Kb1 Bd7 16. Rhe1 b4 17. Ne2 a5 18. f5 a4 19. Nf4 a3 20. b3 Qe5 21. Nd3 Qd4 22. fxe6 fxe6 23. e5 d5 24. Bh5+ Kd8 25. Qf4 fxe5 26. Qxe5 Qxe5 27. Nxe5 Rg8 28. Bf7 Rxg2 29. Nxd7 Kxd7 30. Bxe6+ Kc7 31. Bxd5 Rg7 32. Re4 Bc5 33. Rc4 Kb6 34. Re1 Re8 35. Be4 Rge7 36. c3 bxc3 37. Kc2 Rf8 38. Re2 Rf1 39. Kxc3 Rc1+ 40. Kd3 Rd1+ 41. Rd2 Rxd2+ 42. Kxd2 Rd7+ 43. Ke2 Rg7 44. Bf3 Re7+ 45. Re4 Rxe4+ 46. Bxe4 h6 47. Kd3 Bb4 48. Kc4 Ka5 49. h3 Bf8 50. Bd5 Bb4 51. Bf7 Bf8 52. Be8 Bb4 53. h4 Bf8 54. h5 Bb4 55. Kd5 Bf8 56. Ke6 Bb4 57. Kf5 Bd2 58. Kg6 Kb4 59. Bf7 Bc1 60. Be6 Bd2 61. Bf7 Kc3 62. Bg8 Be3 63. b4 Kxb4 64. Bb3 Bg5 65. Kf5 Kc3 66. Ke4 Kb4 67. Kd3 Bf4 68. Ke4 Bg5 69. Kf5 Kc3 70. Ke4 Kb4 1/2-1/2


[Site "https://www.chess.com"]

[Event "Titled Tuesday Blitz October 11 Late 2022"]
[White "Vlassov, Nikolai"]
[Black "Storey, Charles H"]
[WhiteFideId "4103360"]
[BlackFideId "406686"]
[WhiteElo "2324"]
[BlackElo "2252"]
[Result "1-0"]
[Round "10"]
[TimeControl "180+1"]
[Date "2022.10.12"]
[WhiteClock "0:00:20"]
[BlackClock "0:00:15"]

1. e4 g6 2. Nc3 Bg7 3. h4 c5 4. h5 Nc6 5. d3 d6 6. h6 Bxc3+ 7. bxc3 Nf6 8. Be2 O-O 9. g4 Nd7 10. f4 f6 11. Nf3 Re8 12. Be3 Nf8 13. g5 f5 14. O-O b6 15. Nh4 e6 16. Bf3 Bb7 17. d4 cxd4 18. cxd4 fxe4 19. Bxe4 d5 20. Bg2 Ne7 21. c4 Qd7 22. c5 Nf5 23. Bf2 bxc5 24. dxc5 Qc7 25. Nxf5 gxf5 26. Qd4 Ng6 27. Be3 Bc6 28. Rfb1 Rad8 29. Rb3 e5 30. fxe5 Qxe5 31. Qxe5 Nxe5 32. Bd4 Nf7 33. Rf1 Bd7 34. Rh3 f4 35. g6 Bxh3 36. gxf7+ Kxf7 37. Rxf4+ Kg6 38. Bxh3 Re4 39. Bf5+ Kg5 40. Bxe4 Kxf4 41. Bxh7 Kf3 42. Bf5 Rg8+ 43. Bg7 Re8 44. h7 Kg3 45. Kf1 1-0


[Site "https://www.chess.com"]

[Event "Titled Tuesday Blitz October 11 Late 2022"]
[White "Vujcic, Milena"]
[Black "Burke, Paul"]
[WhiteFideId "954748"]
[BlackFideId "2605767"]
[WhiteElo "1931"]
[BlackElo "1902"]
[Result "1-0"]
[Round "10"]
[TimeControl "180+1"]
[Date "2022.10.12"]
[WhiteClock "0:00:52"]
[BlackClock "0:00:07"]

1. e4 a6 2. d4 d6 3. Nc3 g6 4. f4 Nd7 5. Nf3 Bg7 6. Bd3 h6 7. O-O e6 8. f5 Ne7 9. fxe6 fxe6 10. Be3 O-O 11. Qd2 Kh7 12. Ne2 e5 13. c3 c5 14. Ng3 Nc6 15. d5 Ne7 16. h4 b5 17. h5 Qe8 18. hxg6+ Qxg6 19. Nf5 Nxf5 20. exf5 Qf6 21. Bf2 Kh8 22. Bh4 Qf7 23. g4 Qxd5 24. Qe2 Bb7 25. Rae1 e4 26. Bxe4 Qxe4 27. Qxe4 Bxe4 28. Rxe4 Rae8 29. Rfe1 Rxe4 30. Rxe4 Ne5 31. Nxe5 Bxe5 32. Kf2 h5 33. Kf3 hxg4+ 34. Kxg4 Rg8+ 35. Kh5 Kh7 36. f6 Rf8 37. Bg5 Bxf6 38. Rf4 Bxg5 39. Rxf8 Bc1 40. b3 Bb2 41. c4 Be5 42. Ra8 bxc4 43. bxc4 Kg7 44. Rxa6 Kf6 45. Kg4 1-0


[Site "https://www.chess.com"]

[Event "Titled Tuesday Blitz October 11 Late 2022"]
[White "Winterberg, Lukas"]
[Black "Sarkar, Justin"]
[WhiteFideId "24622702"]
[BlackFideId "2010011"]
[WhiteElo "2349"]
[BlackElo "2250"]
[Result "1-0"]
[Round "10"]
[TimeControl "180+1"]
[Date "2022.10.12"]
[WhiteClock "0:00:09"]
[BlackClock "0:00:02"]

1. e4 e5 2. Nf3 Nc6 3. Bc4 Nf6 4. d3 Be7 5. O-O O-O 6. c3 d5 7. exd5 Nxd5 8. Re1 Qd6 9. Nbd2 Nb6 10. Bb5 f6 11. d4 exd4 12. cxd4 Nd5 13. Ne4 Qd8 14. Qb3 Na5 15. Qa4 c6 16. Bd3 b5 17. Qd1 Nb4 18. Bb1 Nc4 19. b3 Nb6 20. a3 N4d5 21. Nc5 Bxc5 22. dxc5 Nd7 23. Qc2 g6 24. Nd4 Ne5 25. f4 Ng4 26. h3 Nxf4 27. Rd1 Qe7 28. Bxf4 Ne3 29. Bxe3 Qxe3+ 30. Qf2 Qe5 31. Bc2 Bb7 32. Re1 Qd5 33. Rad1 Rad8 34. Ne6 1-0


[Site "https://www.chess.com"]

[Event "Titled Tuesday Blitz October 11 Late 2022"]
[White "Yano, William Jorge Froes"]
[Black "Ambartsumova, Karina"]
[WhiteFideId "2112949"]
[BlackFideId "4166299"]
[WhiteElo "2122"]
[BlackElo "2299"]
[Result "1-0"]
[Round "10"]
[TimeControl "180+1"]
[Date "2022.10.12"]
[WhiteClock "0:00:03"]
[BlackClock "0:00:02"]

1. e4 e5 2. Nc3 Nf6 3. f4 d5 4. fxe5 Nxe4 5. Nf3 Nc6 6. Qe2 Nxc3 7. dxc3 Be7 8. Bf4 O-O 9. O-O-O f6 10. Bg3 fxe5 11. Nxe5 Nxe5 12. Qxe5 c6 13. Bd3 Bf6 14. Qh5 g6 15. Qh6 Bg7 16. Qd2 a5 17. Kb1 a4 18. a3 Bg4 19. Rdf1 Qb6 20. h3 Bd7 21. Bd6 Rxf1+ 22. Rxf1 c5 23. Bg3 Re8 24. Be2 Rxe2 25. Qxe2 Bxc3 26. b3 axb3 27. Kc1 Bb5 28. Qe7 Bxf1 29. Bd6 Bd2+ 30. Kxd2 Qa5+ 31. c3 Qa8 32. Qe6+ Kg7 33. Be5+ Kh6 34. Bf4+ Kg7 35. Qe7+ Kg8 36. Bh6 1-0


[Site "https://www.chess.com"]

[Event "Titled Tuesday Blitz October 11 Late 2022"]
[White "Zaloznyy, Mike"]
[Black "Owen, Michael"]
[WhiteFideId "2023075"]
[BlackFideId "7104820"]
[WhiteElo "2126"]
[BlackElo "1943"]
[Result "0-1"]
[Round "10"]
[TimeControl "180+1"]
[Date "2022.10.12"]
[WhiteClock "0:00:29"]
[BlackClock "0:00:43"]

1. Nf3 Nf6 2. e3 g6 3. b3 Bg7 4. Bb2 O-O 5. c4 d6 6. d4 Ne4 7. Nc3 Nxc3 8. Bxc3 c5 9. Rc1 Nc6 10. d5 Bxc3+ 11. Rxc3 Qa5 12. Qd2 Nb4 13. a4 Na2 14. Rd3 Qxd2+ 15. Nxd2 Nb4 16. Rc3 a6 17. Be2 b5 18. axb5 axb5 19. O-O bxc4 20. bxc4 Ra2 21. Rd1 Bd7 22. Bf3 Ba4 23. Nb3 Ra3 24. Rb1 Na2 25. Rd3 Rb8 26. Bd1 Rb4 27. Kf1 Rxc4 28. Nxc5 Nc3 29. Nxa4 Nxb1 30. Rxa3 Nxa3 31. Nb2 Rc5 32. e4 Kg7 33. Nd3 Rc3 34. Be2 Nc2 35. Nb4 Nxb4 0-1


[Site "https://www.chess.com"]

[Event "Titled Tuesday Blitz October 11 Late 2022"]
[White "Zhigalko, Sergei"]
[Black "Kollars, Dmitrij"]
[WhiteFideId "13502956"]
[BlackFideId "12909572"]
[WhiteElo "2662"]
[BlackElo "2584"]
[Result "1/2-1/2"]
[Round "10"]
[TimeControl "180+1"]
[Date "2022.10.11"]
[WhiteClock "0:00:05"]
[BlackClock "0:00:12"]

1. e4 c6 2. d4 d5 3. e5 Bf5 4. Nf3 e6 5. Be2 c5 6. Be3 Nd7 7. O-O Ne7 8. Nbd2 Nc6 9. c4 dxc4 10. Nxc4 Be7 11. dxc5 Nxc5 12. Qc1 O-O 13. Rd1 Qb8 14. Nd6 Ne4 15. Bf4 Bg6 16. Qc4 Nxe5 17. Nxe5 Nxd6 18. Qb3 Rd8 19. Rac1 Be4 20. Qg3 Nf5 21. Qg4 Rxd1+ 22. Rxd1 Qe8 23. h4 Rd8 24. h5 Rxd1+ 25. Bxd1 h6 26. Bxh6 Qd8 27. Be2 Qd5 28. Bf4 Bf6 29. Nf3 Nd4 30. Nxd4 Qxd4 31. h6 Bf5 32. Qg3 Qxb2 33. Bf1 Qa1 34. Qe3 gxh6 35. Bxh6 Bd4 36. Qe2 Qb1 37. Be3 Bxe3 38. fxe3 Qe4 39. Qf2 Kg7 40. Qg3+ Kf6 41. Qf2 a5 42. Qb2+ Qe5 43. Qf2 Qb8 44. Qh4+ Kg7 45. Qd4+ Kg8 46. Qc5 b6 47. Qe7 Qe5 48. Qd8+ Kg7 49. Qxb6 Qc3 50. Qd4+ Qxd4 51. exd4 Kf6 52. Kf2 Be4 53. Ke3 Bd5 54. a3 Kg5 55. g3 Kg4 56. Kf2 Kf5 57. Ke3 f6 58. Bh3+ Kg5 59. Kf2 Kg6 60. Ke3 Kf7 61. Kf4 Ke7 62. Bf1 Kd6 63. Ke3 Bc6 64. Bc4 Bd5 65. Bb5 Kc7 66. Ba4 Kb6 67. Bd7 Kb7 68. Bb5 Kc7 69. Ba4 Kd6 70. Bb5 Ke7 71. Kf4 Kf7 72. Ke3 Kg7 73. Kf4 Kg6 74. Bd3+ Kh6 75. Be2 Kg7 76. Bh5 Kf8 77. Be2 Ke7 78. Ke3 Kd6 79. Bb5 1/2-1/2


[Site "https://www.chess.com"]

[Event "Titled Tuesday Blitz October 11 Late 2022"]
[White "Zierk, Steven"]
[Black "Fedoseev, Vladimir"]
[WhiteFideId "2034255"]
[BlackFideId "24130737"]
[WhiteElo "2494"]
[BlackElo "2726"]
[Result "0-1"]
[Round "10"]
[TimeControl "180+1"]
[Date "2022.10.11"]
[WhiteClock "0:00:01"]
[BlackClock "0:00:37"]

1. e4 e5 2. Nf3 Nc6 3. Bc4 Nf6 4. Ng5 d5 5. exd5 Na5 6. Bb5+ c6 7. dxc6 bxc6 8. Bd3 h6 9. Ne4 Nd5 10. O-O Nf4 11. Nbc3 Nxd3 12. cxd3 Be7 13. b4 Nb7 14. Qf3 Bxb4 15. Rb1 Be7 16. Ng3 Qc7 17. Nf5 Bxf5 18. Qxf5 O-O 19. Bb2 g6 20. Qh3 Kh7 21. Rfc1 Rad8 22. Ne4 f5 23. Nc3 Nc5 24. Qe3 Nxd3 25. Rc2 Bc5 26. Qe2 Bxf2+ 27. Kh1 Bb6 28. Nd1 e4 29. Ba1 Qf4 30. Ne3 Nf2+ 31. Kg1 Ng4 32. g3 Qf3 33. Qxf3 exf3 34. Rxc6 Rxd2 35. Rbxb6 f2+ 36. Kh1 Rd1+ 37. Kg2 Nxe3+ 38. Kxf2 axb6 39. Rc7+ Kg8 40. Rg7+ Kh8 41. Bc3 Rd3 42. Ba1 Rd1 0-1


[Site "https://www.chess.com"]